AoeStats
← Idle Villager

Migration

509524744Analyzed
1v1 RM · 6d ago on Sep 27, 2026· 37m 15s· 2 players
Game mode
Random Map
Map size
132×132
Population
200
Speed
Normal
Resources
Standard
Victory
Conquest
Starting age
Dark Age
Ending age
Imperial Age
RankedLock teamsTeams togetherTeam positionsShared explorationLock speedFull tech treeHidden civsTurbo modeCheats
Victory
Defeat
🇲🇽 Portuguese · Mexico
746
+17
🇺🇸 Maya · United States
774
-17
cone123
8:10 Loom
10:33 Feudal Age
11:17 Double-Bit Axe
12:52 Fishing Lines
13:56 Man-at-Arms
23:27 Castle Age
21:46 Forging
25:03 Wheelbarrow
25:24 Medium Warships
27:59 Gillnets
31:30 Fletching
35:31 Pikeman
Idle Villager
7:07 Loom
11:13 Feudal Age
11:37 Fishing Lines
13:28 Double-Bit Axe
14:56 Horse Collar
17:52 Wheelbarrow
18:01 Fletching
19:39 Forging
22:48 Castle Age
21:15 Scale Mail Armor
24:27 Eagle Warrior
26:15 Squires
26:02 Arson
26:18 Town Watch
31:28 Bodkin Arrow
34:15 Bow Saw
Connection lost

Rejoining the realm…

Still unreachable

The connection could not be restored.

Session expired

The server has moved on; the page needs a fresh start.